 Dungeon Crawl Stone Soup version 0.21-a0-92-g7bf63f6 (webtiles) character file.

8539 Ordine the Basher (level 11, -13/60 HPs)
             Began as a Gargoyle Fighter on July 1, 2017.
             Was an Elder of Okawaru.
             Mangled by an orc warrior
             ... wielding a +0 broad axe
              (28 damage)
             ... in a bailey.
             The game lasted 00:15:54 (6685 turns).

Ordine the Basher (Gargoyle Fighter)                Turns: 6685, Time: 00:15:55

Health: -13/60     AC: 18    Str: 20    XL:     11   Next: 32%
Magic:  11/11      EV:  6    Int:  9    God:    Okawaru [****..]
Gold:   359        SH: 12    Dex: 12    Spells: 10/10 levels left

rFire    . . .     SeeInvis +   r - +1 morningstar (drain)
rCold    . . .     Gourm    .   c - +0 shield
rNeg     + . .     Faith    .   B - +0 chain mail
rPois    ∞         Spirit   .   s - +0 helmet
rElec    +         Reflect  .   (no cloak)
rCorr    .         Harm     .   (no gloves)
MR       .....                  h - +0 pair of boots
Stlth    ..........             (no amulet)
HPRegen  0.20/turn              t - ring of see invisible
MPRegen  0.12/turn              (no ring)

@: no status effects
A: negative energy resistance 1, electricity resistance, unbreathing,
petrification resistance, rot immunity, AC +7
a: Heroism, Renounce Religion


You were in a bailey.
You worshipped Okawaru.
Okawaru was greatly pleased with you.
You were not hungry.

You visited 2 branches of the dungeon, and saw 9 of its levels.
You also visited: Ossuary and Bailey.

You collected 359 gold pieces.

Inventory:

Hand Weapons
 r - a +1 morningstar of draining (weapon)
Armour
 c - a +0 shield (worn)
 h - a +0 pair of boots (worn)
 s - a +0 helmet (worn)
 B - a +0 chain mail (worn)
Jewellery
 t - a ring of see invisible (left hand)
Scrolls
 a - 2 scrolls of identify
 e - 2 scrolls of blinking
 m - 6 scrolls of teleportation
 v - a scroll of magic mapping
 x - a scroll of remove curse
 y - a scroll of recharging
 z - a scroll of amnesia
 A - a scroll of immolation
Potions
 d - a potion of haste
 i - 2 potions of flight
 k - 2 potions of mutation
 p - 3 potions of agility
 q - 2 potions of ambrosia
 u - 3 potions of curing
 w - 3 potions of lignification
Comestibles
 f - 4 bread rations
 g - 2 fruits
 j - 9 royal jellies
 n - 11 chunks of flesh
 o - 4 meat rations


   Skills:
 - Level 3.2 Fighting
 * Level 14.0 Maces & Flails
 - Level 3.2 Armour
 + Level 11.4 Shields


You had 10 spell levels left.
You didn't know any spells.

Dungeon Overview and Level Annotations

Branches:
Dungeon (8/15)             Temple (1/1) D:5
   Lair: D:8-11

Altars:
Ashenzari
Cheibriados
Dithmenos
Elyvilon
Fedhas
Gozag
Hepliaklqana
Kikubaaqudgha
Makhleb
Nemelex Xobeh
Okawaru
Qazlal
Ru
Sif Muna
Trog
Uskayaw
Vehumet
Wu Jian
Xom
Yredelemnul
Zin
The Shining One


Innate Abilities, Weirdness & Mutations

You are resistant to torment.
Your stone body is resilient. (AC +7)
You are immune to poison.
You resist negative energy. (rN+)
You are resistant to electric shocks. (rElec)
You can survive without breathing.
You are immune to petrification.
You are immune to rotting.


Message History

The orc warlord roars a battlecry!
The orc warrior shouts!
Items here: )) [[ a hand axe; a leather armour; a hand axe; a ring mail You completely miss the hobgoblin.
The hobgoblin hits you with a hand axe.
* * * LOW HITPOINT WARNING * * *
You puncture the hobgoblin!
You kill the hobgoblin!
Okawaru accepts your kill. You block the orc warrior's attack.
The orc warrior no longer looks unusually strong.
There is an open door here.
Things that are here:
a hand axe; a leather armour
Items here: )))))))))) [[[[[[[[[[ You block the orc warrior's attack.
The orc warlord roars a battlecry!
The orc warriors go into a battle-frenzy!
The orc warrior hits you with a broad axe!!
You die...

♣♣♣♣♣♣
###)))..)...###...
♣.♣♣.♣
###.#'#.....###.###.
♣♣....♣♣♣###...)[###.###
....##
♣.......##.........###
......
♣.......#...........#
......
♣...))..'...........#
......
♣♣..∩.∩..'.....⌠.....#
......
♣.....)..'...........#
......
♣........#.....@.....#
......
♣♣♣......##....oo.).###
......
♣.....♣.♣###...))###.###
....## ♣♣...♣♣♣♣
###.#)#.....###.###.
♣♣♣♣♣ ###)o..g....###..g
#...........#....
#...........#...o
#.....⌠....)#....
#...........)....


You could see an orc warlord and 2 orc warriors.

Vanquished Creatures
  An orc knight (Bailey)
  The ghost of Ordine the Basher, a novice GrFi of Okawaru (D:5)
  Edmund (D:4)
  A soldier ant (D:7)
  12 orc warriors (Bailey)
  2 black bears
  An ice beast (D:7)
  A necrophage (D:7)
  2 ogres
  A centaur (D:5)
  4 bullfrogs
  9 scorpions (Ossuary)
  A crimson imp (D:6)
  A centaur zombie (Ossuary)
  2 hounds (D:4)
  2 human zombies (Ossuary)
  An orc priest (D:7)
  4 orc wizards
  A bullfrog skeleton (D:4)
  Ijyb (D:4)
  Natasha (thrice) (D:2)
  A worker ant (D:5)
  3 big kobold zombies (Ossuary)
  3 mummies (Ossuary)
  10 gnolls (Bailey)
  5 adders
  6 scorpion zombies (Ossuary)
  A shadow imp (D:6)
  2 adder zombies
  A worm (D:2)
  3 dart slugs
  A leopard gecko (D:2)
  27 orcs
  7 bats
  2 giant cockroaches
  2 gnoll zombies (Ossuary)
  21 goblins
  17 hobgoblins
  5 jackals
  5 kobolds
  2 quokkas
  7 frilled lizards
  A goblin zombie (Ossuary)
  3 hobgoblin zombies (Ossuary)
  A kobold zombie (Ossuary)
  2 leopard gecko skeletons
  2 orc zombies (Ossuary)
  7 rats
199 creatures vanquished.

Vanquished Creatures (others)
  An orc zombie (Ossuary)
1 creature vanquished.

Grand Total: 200 creatures vanquished

Notes
Turn   | Place    | Note
-------+----------+-------------------------------------------
     0 | D:1      | Ordine the Gargoyle Fighter began the quest for the Orb.
     0 | D:1      | Reached XP level 1. HP: 14/14 MP: 1/1
   156 | D:1      | Reached XP level 2. HP: 19/19 MP: 2/2
   606 | D:2      | Found a hazy altar of Hepliaklqana.
   635 | D:2      | Reached skill level 3 in Maces & Flails
   635 | D:2      | Reached XP level 3. HP: 20/23 MP: 3/3
   660 | D:2      | Noticed Natasha
   667 | D:2      | Killed Natasha
   678 | D:2      | Noticed Natasha
   686 | D:2      | Killed Natasha
   686 | D:2      | Reached XP level 4. HP: 17/28 MP: 4/4
   688 | D:2      | Noticed Natasha
   712 | D:2      | Killed Natasha
   712 | D:2      | Reached skill level 4 in Maces & Flails
  1027 | D:2      | Reached XP level 5. HP: 32/32 MP: 5/5
  1403 | D:3      | Noticed a black bear
  1417 | D:3      | Killed a black bear
  1417 | D:3      | Reached skill level 5 in Maces & Flails
  1583 | D:3      | Reached XP level 6. HP: 37/37 MP: 6/6
  1676 | D:3      | Reached skill level 5 in Shields
  1790 | D:3      | Found an iron altar of Okawaru.
  1792 | D:3      | Found a bloodstained altar of Trog.
  1798 | D:3      | Became a worshipper of Warmaster Okawaru
  2249 | D:4      | Noticed Edmund
  2260 | D:4      | Killed Edmund
  2290 | D:4      | Reached skill level 6 in Maces & Flails
  2373 | D:4      | Found a hide-covered altar of Uskayaw.
  2375 | D:4      | Reached XP level 7. HP: 41/41 MP: 7/7
  2649 | D:4      | Found a sand-covered staircase.
  2661 | Ossuary  | Entered an ossuary
  2822 | Ossuary  | Reached skill level 7 in Maces & Flails
  2847 | Ossuary  | Reached * piety under Okawaru
  2967 | Ossuary  | Reached XP level 8. HP: 32/46 MP: 8/8
  3130 | Ossuary  | Reached skill level 8 in Maces & Flails
  3464 | D:4      | Noticed Ijyb
  3498 | D:4      | Killed Ijyb
  3597 | D:5      | Entered Level 5 of the Dungeon
  3652 | D:5      | Found a staircase to the Ecumenical Temple.
  3667 | Temple   | Entered the Ecumenical Temple
  4038 | D:5      | Noticed Ordine's ghost (novice GrFi)
  4050 | D:5      | Killed Ordine's ghost
  4050 | D:5      | Reached ** piety under Okawaru
  4050 | D:5      | Reached skill level 9 in Maces & Flails
  4093 | D:5      | Reached XP level 9. HP: 50/51 MP: 9/9
  4211 | D:6      | Identified a scroll of acquirement
  4545 | D:6      | Reached skill level 10 in Maces & Flails
  5466 | D:7      | Reached *** piety under Okawaru
  5970 | D:8      | Found a flagged portal.
  5986 | Bailey   | Entered a bailey
  6154 | Bailey   | Reached skill level 11 in Maces & Flails
  6435 | Bailey   | Reached XP level 10. HP: 50/56 MP: 10/10
  6439 | Bailey   | Noticed an orc knight
  6490 | Bailey   | Killed an orc knight
  6490 | Bailey   | Reached **** piety under Okawaru
  6640 | Bailey   | Reached skill level 12 in Maces & Flails
  6644 | Bailey   | Noticed an orc warlord
  6654 | Bailey   | Reached skill level 14 in Maces & Flails
  6654 | Bailey   | Reached XP level 11. HP: 47/60 MP: 11/11
  6685 | Bailey   | Mangled by an orc warrior

Vault maps used:
D:1:      mrwooster_arrival_statue_2
D:2:      nicolae_overflow_crystal_walls, uniq_natasha
D:3:      minitemple, roderic_lattice_a
D:4:      eat_drink_and_be_merry_uskayaw, nicolae_ossuary_entry_ruins,
          uniq_ijyb, uniq_edmund
D:5:      minmay_temple_entry_trees, first_bread, grunt_decor_clamped
D:6:      black_bear_nest_1
D:8:      cheibrodos_iron_armory, lair_entry_dummy, enter_bailey_3,
          hangedman_ranch
Temple:   dpeg_five_rooms_temple
Ossuary:  ossuary_minmay_scorpions
Bailey:   bailey_axe_minmay_hex_keep, bailey

Skill      XL: |  1  2  3  4  5  6  7  8  9 10 |
---------------+-------------------------------+-----
Maces & Flails | 3 4 5 6 7 9 11 14 | 14.0
Shields        | 4 5 6 7 9 11 | 11.4
Fighting       | |  3.2
Armour         | |  3.2

Action                   |  1- 3 |  4- 6 |  7- 9 | 10-12 || total
-------------------------+-------+-------+-------+-------++-------
Melee: Flail             |    90 |   152 |   245 |       ||   487
       Unarmed           |       |       |    19 |       ||    19
       Morningstar       |       |       |   264 |   110 ||   374
  Use: Scroll            |     5 |     7 |     8 |       ||    20
       Potion            |       |     4 |     2 |     4 ||    10
 Stab: Invisible         |       |       |       |    13 ||    13
  Eat: Chunk             |       |     5 |    11 |     1 ||    17
       Royal jelly       |       |       |     1 |       ||     1
       Fruit             |       |       |     1 |       ||     1
Armor: Scale mail        |    64 |    73 |   201 |    15 ||   353
       Skin              |       |    32 |     1 |       ||    33
       Chain mail        |       |       |       |    11 ||    11
Dodge: Dodged            |    37 |    48 |   127 |    36 ||   248
Block: Shield            |    50 |   105 |   255 |    54 ||   464
